[Event "IX Famalicao Open 2022"]
[Site "Vila Nova de Famalicao"]
[Date "2022.07.26"]
[Round "4.11"]
[White "Lopes, Jose Eduardo Santos "]
[Black "Dias, Ivo Rodrigues"]
[Result "0-1"]
[ECO "B12"]
[WhiteElo "1661"]
[BlackElo "2133"]
[Annotator "TA"]
[PlyCount "62"]
[EventDate "2022.07.25"]
[EventType "tourn"]
[EventCountry "POR"]
[SourceTitle "playchess.com"]
[Source "ChessBase"]
[SourceQuality "1"]
[TimeControl "5400+30"]

1. e4 c6 2. d4 d5 3. e5 Bf5 4. h4 h5 5. Bd3 Bxd3 6. Qxd3 e6 7. Nf3 Qb6 {B12: Caro-Kann: Advance Variation.} 8. O-O c5 9. c4 {[#]} Nc6 $146 {White is slightly better.} ({Predecessor:} 9... dxc4 10. Qxc4 Qc6 11. Bg5 Nd7 12. Nc3 Nb6 13. Qb3 Ne7 14. dxc5 Nd7 15. Rac1 Nf5 {1-0 (25) Kreutz,J (1970)-Mock,P (1855) Berlin 2019}) 10. cxd5 Nb4 11. Qe4 Nxd5 12. Nc3 Nge7 13. Na4 Qc6 14. Nxc5 Nf5 15. Nb3 a5 16. Bg5 a4 17. Rfc1 Qb5 18. Nbd2 Bb4 19. Nc4 O-O 20. Ne3 Ndxe3 21. fxe3 (21. Bxe3 $14 {was forced to keep a grip.} Ba5 22. b3) 21... Ng3 $17 22. Qc2 {[#] Strongly threatening Kh2.} Ne2+ 23. Kh2 {Hoping for Qc4.} Nxc1 {Black is more active.} 24. Rxc1 Rfc8 $36 {[%mdl 2048] Keeping White busy.} 25. Qd1 (25. Qxc8+ $17 {was the only defense.} Rxc8 26. Rxc8+ Kh7 27. a3) 25... Rxc1 $19 26. Qxc1 Qc6 27. Qd1 Rc8 {[#] Threatens to win with ...Qc2.} 28. Qd3 Qc2 29. Qb5 Qxb2 ({Better is} 29... Bf8 $19 {White must now prevent ...Qc6.} 30. Bf4 Qf2) 30. Qxa4 ({White should play} 30. Qxb7 $15 Qc3 31. d5 exd5 32. Bf4) 30... Bf8 31. Kh3 $2 (31. Qb3 Qxb3 32. axb3) 31... Qc2 {Weighted Error Value: White=0.66/Black=0.26 (precise)} 0-1

[Event "IX Famalicao Open 2022"]
[Site "Vila Nova de Famalicao"]
[Date "2022.07.26"]
[Round "4.12"]
[White "Akshit Kumar J"]
[Black "Albuquerque, Eduardo Ferreira"]
[Result "1-0"]
[ECO "B92"]
[WhiteElo "2103"]
[BlackElo "1828"]
[Annotator "TA"]
[PlyCount "53"]
[EventDate "2022.07.25"]
[EventType "tourn"]
[EventCountry "POR"]
[SourceTitle "playchess.com"]
[Source "ChessBase"]
[SourceQuality "1"]
[TimeControl "5400+30"]

1. e4 c5 2. Nf3 d6 3. d4 cxd4 4. Nxd4 Nf6 5. Nc3 a6 6. Be2 e5 7. Nb3 Be7 8. Qd3 O-O 9. O-O b5 {[%emt 0:06:44] B92: Sicilian Najdorf: 6 Be2.} 10. Nd5 Nxd5 {[%emt 0:03:17] [#]} 11. exd5 $146 ({Predecessor:} 11. Qxd5 Ra7 12. Be3 Be6 13. Qd2 Rd7 14. f4 exf4 15. Bxf4 Nc6 16. Rfd1 Bf6 17. c3 {0-1 (56) Chen,I (1699)-Zsiltzova Lisenko,L (2282) Khanty-Mansiysk 2010}) 11... f5 {[%emt 0:05:35] The position is equal.} 12. f4 (12. a4 $5 ) 12... e4 13. Qh3 Bf6 14. a4 b4 15. a5 Qc7 16. Bd2 Bxb2 17. Bxb4 Bxa1 $17 18. Rxa1 Bb7 19. c4 g6 $2 (19... Nd7 $15 {stays ahead.}) 20. Nd4 $18 {[%emt 0:03:57] [#] Threatens to win with Ne6.} Rf7 $2 {[%emt 0:02:46][%mdl 8192] This costs Black the game.} (20... Bc8 $16) 21. Qa3 Rf6 22. Ne6 {[%emt 0:01:31] White is clearly winning.} Rxe6 23. dxe6 Qe7 (23... Nc6 $142 24. Bxd6 Qg7) 24. Bxd6 Qxe6 25. Rb1 Qd7 26. c5 {[%emt 0:01:04] [#] Threatening mate with Bc4+.} Nc6 27. Qb3+ {[%emt 0:01:58] Weighted Error Value: White=0.21 (precise) /Black=0.63} 1-0

[Event "IX Famalicao Open 2022"]
[Site "Vila Nova de Famalicao"]
[Date "2022.07.27"]
[Round "5.1"]
[White "Das, Sayantan"]
[Black "Krishna C R G"]
[Result "1/2-1/2"]
[ECO "D14"]
[WhiteElo "2449"]
[BlackElo "2430"]
[Annotator "TA"]
[PlyCount "60"]
[EventDate "2022.07.25"]
[EventType "tourn"]
[EventCountry "POR"]
[SourceTitle "playchess.com"]
[Source "ChessBase"]
[SourceQuality "1"]
[TimeControl "5400+30"]

1. d4 d5 2. c4 c6 3. cxd5 cxd5 4. Nc3 Nc6 5. Nf3 Nf6 6. Bf4 Bf5 7. e3 e6 8. Bd3 Bxd3 9. Qxd3 Bd6 10. Bxd6 Qxd6 11. O-O O-O 12. Rfc1 Rfc8 13. h3 a6 14. a3 h6 15. Rc2 Rc7 16. Rac1 Rac8 {The position is equal.} 17. Ne2 {D14: Slav Defence: Exchange variation with ...Bf5.} Ne7 18. Rxc7 Rxc7 19. Rxc7 Qxc7 20. Qc3 Qxc3 21. Nxc3 $11 {[%mdl 4096] Endgame KNN-KNN} Nc6 22. Ne1 Ne8 23. Nd3 Nd6 24. Kf1 Kf8 25. Ke2 Ke7 {[#]} 26. Kd1 $146 ({Predecessor:} 26. g4 g5 27. f3 f6 28. b3 b6 29. Na4 Nc8 30. Nc3 Nd6 {½-½ (30) Rodriguez Lopez,R (2284)-Astaneh Lopez,A (2446) Budapest 2018}) 26... Kd8 27. Kc2 Kc7 28. b3 b6 29. Nb1 Kd7 30. Nc3 Kc7 {Not much happened in this game.  Weighted Error Value: White=0.03 (flawless) /Black=0.01 (flawless)} 1/2-1/2

[Event "IX Famalicao Open 2022"]
[Site "Vila Nova de Famalicao"]
[Date "2022.07.27"]
[Round "5.2"]
[White "Akhvlediani, Irakli"]
[Black "Abdisalimov, Abdimalik"]
[Result "1/2-1/2"]
[ECO "D37"]
[WhiteElo "2429"]
[BlackElo "2437"]
[Annotator "TA"]
[PlyCount "60"]
[EventDate "2022.07.25"]
[EventType "tourn"]
[EventCountry "POR"]
[SourceTitle "playchess.com"]
[Source "ChessBase"]
[SourceQuality "1"]
[TimeControl "5400+30"]

1. d4 Nf6 2. c4 e6 3. Nf3 d5 4. Nc3 dxc4 5. e4 Bb4 6. Bxc4 {[%emt 0:00:22] D24: Queen's Gambit Accepted: 3 Nf3 Nf6 4 Nc3.} Nxe4 7. O-O Nf6 8. Qa4+ $1 {[%emt 0:25:01] White is slightly better.} Nc6 9. Ne5 Bd6 ({But not} 9... Bd7 10. Nxc6 Bxc3 11. Nxd8 $16) 10. Nxc6 bxc6 11. Qxc6+ Bd7 12. Qf3 h6 {[%emt 0:00:07] [#] Inhibits Bg5.} 13. Nb5 $146 ({Predecessor:} 13. Bf4 Bxf4 14. Qxf4 Bc6 15. Rfd1 O-O 16. Rac1 Qb8 17. b3 Rd8 18. Qe5 Qb7 19. f3 {1-0 (43) Bok,B (2624)-Deac,B (2679) Chess.com INT 2022}) 13... O-O 14. Nxd6 cxd6 15. d5 exd5 {[%emt 0:11:37] The position is equal.} 16. Bxd5 Nxd5 17. Qxd5 Qf6 18. Be3 Qxb2 19. Qxd6 Be6 20. Bd4 Qb8 21. Qxb8 Rfxb8 22. Rfb1 Rxb1+ 23. Rxb1 Bxa2 $11 {[%emt 0:00:10][%mdl 4096] Endgame KRB-KRB} 24. Ra1 Be6 25. Bxa7 f6 26. Bd4 Rxa1+ 27. Bxa1 Kf7 28. f4 g5 29. fxg5 hxg5 30. Kf2 Kg6 {[%emt 0:00:05] Weighted Error Value: White=0.02 (flawless) /Black=0.02 (flawless)} 1/2-1/2

[Event "IX Famalicao Open 2022"]
[Site "Vila Nova de Famalicao"]
[Date "2022.07.27"]
[Round "5.3"]
[White "Aditya Mittal"]
[Black "Martinez Duany, Lelys Stanley"]
[Result "1/2-1/2"]
[ECO "E94"]
[WhiteElo "2480"]
[BlackElo "2497"]
[Annotator "TA"]
[PlyCount "77"]
[EventDate "2022.07.25"]
[EventType "tourn"]
[EventCountry "POR"]
[SourceTitle "playchess.com"]
[Source "ChessBase"]
[SourceQuality "1"]
[TimeControl "5400+30"]

1. d4 d6 2. Nf3 Nf6 3. c4 g6 4. Nc3 Bg7 5. e4 O-O 6. Be2 e5 7. O-O Nbd7 8. Be3 h6 9. dxe5 dxe5 10. Qc1 $1 {[%emt 0:00:03][%mdl 4] is recently more successful than 10.Nd2.} Kh7 {[%emt 0:01:46] E94: King's Indian: Classical: 6 Be2 e5 7 0-0: Various Black 7th moves.} 11. Rd1 Re8 12. b4 c6 {[%emt 0:02:13] White is better.} 13. c5 Qe7 14. Nd2 {[%emt 0:01:58] White is much more active.} (14. h3 $16) 14... Nf8 15. Nc4 Ng4 16. Bd2 {[%emt 0:01:07] aiming for Nd6.} Qh4 17. h3 Qxf2+ 18. Kh1 Nf6 (18... Qh4 $142) 19. Rf1 (19. Qc2 $16 {Be1 is the strong threat.} Nh5 20. Bxh5 gxh5 21. Rf1) 19... Qh4 $14 20. Be1 {[%emt 0:07:29][%mdl 1024] White has compensation.} Qg5 {[%emt 0:00:18] [#]} 21. Bd2 $146 ({Predecessor:} 21. Qd1 Nh5 22. Nd6 Re7 23. Bxh5 gxh5 24. Bd2 Qg6 25. Nf5 Rd7 26. Qe2 {0-1 (38) Gruenberg,H (2455)-Wirius,S (2285) Austria 1999}) 21... Qh4 22. Nd6 Re7 $1 (22... Bxh3 $2 23. Be1 (23. gxh3 Qxh3+ 24. Kg1 Qg3+ 25. Kh1 Qh3+ 26. Kg1 Qg3+ 27. Kh1 Qh3+ $11) (23. Nxe8 Bg4+ 24. Kg1 Rxe8 $15) 23... Qg5 24. Qxg5 hxg5 25. Nxe8 Bxg2+ 26. Kxg2 $18) 23. Be1 Qg5 24. Bd2 (24. Qd1 $5 Nh5 25. Bxh5 (25. Nxf7 Ng3+ 26. Bxg3 Qxg3 $11) (25. Rxf7 Nf4 $11) 25... Qxh5 26. Qxh5 (26. Nxf7 Qxd1 27. Rxd1 Ne6 $11) (26. Rxf7 Rxf7 27. Nxf7 Be6 $14) 26... gxh5 27. Ne2 $14 (27. Rxf7 Rxf7 28. Nxf7 Be6 $11)) 24... Qh4 (24... Qg3 $2 25. Rf3 Qh4 26. Be1 $18) 25. Kh2 Ng4+ 26. Kg1 Nf6 27. Be1 Qg5 28. Bd2 Qh4 (28... Qg3 $2 29. Rf3 Qh4 30. Qf1 $18) 29. Nxc8 Rxc8 30. Be1 Qg5 31. Bd2 Qh4 (31... Qg3 32. Rf3 Qh4 33. Qf1 Nxe4 34. Be1 $16) 32. Be1 Qg5 33. Qa3 {[%emt 0:02:26] [#] Strongly threatening h4.} h5 $1 {[%emt 0:05:17] White must now prevent ...Ne6.} 34. h4 $1 Qh6 {[%emt 0:00:07] Hoping for ...Rd8.} 35. Rd1 {[%emt 0:00:23] Prevents Rd8. And now Bd2 would win.} (35. Rf3 Rd8 36. Bc4 Rd4 $17) 35... Rd7 {[%emt 0:05:15] Against Bd2} ({Don't take} 35... Qe3+ 36. Kh1 (36. Bf2 Qf4 $16) 36... Rd7 37. Rxd7 N8xd7 38. Rf3 $16 (38. Qxa7 Nxe4 39. Qxb7 Nxc3 $15)) 36. Rxd7 N8xd7 37. Qb2 (37. Nd1 $14) 37... Qe3+ 38. Bf2 Qh6 39. Be1 {[%emt 0:00:10] Weighted Error Value: White=0.16 (very precise) /Black=0.09 (flawless)} 1/2-1/2

[Event "IX Famalicao Open 2022"]
[Site "Vila Nova de Famalicao"]
[Date "2022.07.27"]
[Round "5.4"]
[White "Spraggett, Kevin"]
[Black "Umetsubo, Cesar Hidemitsu"]
[Result "1/2-1/2"]
[ECO "A34"]
[WhiteElo "2487"]
[BlackElo "2405"]
[Annotator "TA"]
[PlyCount "94"]
[EventDate "2022.07.25"]
[EventType "tourn"]
[EventCountry "POR"]
[SourceTitle "playchess.com"]
[Source "ChessBase"]
[SourceQuality "1"]
[TimeControl "5400+30"]

1. c4 Nf6 2. g3 c5 3. Bg2 d5 4. cxd5 Nxd5 5. Nc3 Nc7 6. b3 e5 7. Bb2 Be7 8. Rc1 f6 9. Nh3 {A34: Symmetrical English: 2 Nc3, lines with ...d5.} Be6 10. f4 Qd7 11. Nf2 Nc6 12. fxe5 Nxe5 (12... fxe5 $11 13. Qc2 O-O) 13. Bxb7 $16 Rb8 {[#]} 14. Bg2 $146 ({Predecessor:} 14. Be4 c4 15. d4 Nf7 16. d5 Bf5 17. Bxf5 Qxf5 18. Qd4 Nd6 19. O-O cxb3 20. Qxa7 {0-1 (37) Ujtelky,M-Langeweg,K Sochi 1967}) 14... c4 15. d4 (15. Nce4 {keeps more tension.} Nf7 16. Qc2 O-O 17. bxc4 f5 18. Nc3) 15... cxd3 16. Nxd3 Nxd3+ 17. Qxd3 Qxd3 18. exd3 Rd8 19. Ne2 Bd5 20. Rxc7 Bxg2 21. Rg1 Bh3 22. Kd2 {Black must now prevent g4.} ({Much worse is} 22. Rxa7 Bb4+ 23. Bc3 Bc5 $11) 22... Rd7 23. Rgc1 Bb4+ 24. Ke3 Ba5 {[#]} 25. Rxd7 {Active counter play!} Kxd7 26. Nf4 Bf5 27. Bc3 ({Better is} 27. Bd4 $16 {Strongly threatening Rc5.} Re8+ 28. Kf3) 27... Bb6+ $14 28. Kd2 h5 29. Nd5 h4 30. Nxb6+ axb6 {[%mdl 4096] Endgame KRB-KRB} 31. Bd4 hxg3 32. hxg3 Rh2+ 33. Ke3 Rxa2 34. Bxb6 Rb2 35. Rc3 Be6 36. Rc7+ Kd6 37. Rxg7 Rxb3 38. Bc7+ Kc6 39. Bd8 Bf5 40. Bxf6 Bxd3 41. g4 Kd6 42. Kf4 Ke6 43. Bd4 Rb4 {The position is equal.} 44. Ke3 Bb1 45. Ra7 Rb3+ 46. Kf2 Rb4 47. Ke3 Rb3+ {Weighted Error Value: White=0.05 (flawless) /Black=0.06 (flawless)} 1/2-1/2

[Event "IX Famalicao Open 2022"]
[Site "Vila Nova de Famalicao"]
[Date "2022.07.27"]
[Round "5.5"]
[White "Monteiro, Paulo Alexandre G"]
[Black "Petkov, Vladimir"]
[Result "0-1"]
[ECO "A50"]
[WhiteElo "1980"]
[BlackElo "2470"]
[Annotator "TA"]
[PlyCount "92"]
[EventDate "2022.07.25"]
[EventType "tourn"]
[EventCountry "POR"]
[SourceTitle "playchess.com"]
[Source "ChessBase"]
[SourceQuality "1"]
[TimeControl "5400+30"]

1. d4 Nf6 2. c4 b6 3. Nc3 Bb7 4. f3 e6 5. e4 d5 6. cxd5 {[%emt 0:09:07] A50: Queen's Fianchetto Defence (1 d4 Nf6 2 c4 b6).} exd5 7. Bb5+ c6 8. Ba4 {[%emt 0:03:17] White is slightly better.} Be7 9. Nge2 (9. e5 $5 ) 9... O-O 10. O-O {[%emt 0:07:11] [#]} c5 $146 ({Predecessor:} 10... Na6 11. e5 Nd7 12. f4 c5 13. Kh1 cxd4 14. Nxd4 Rc8 15. Bc2 Nb4 16. Bf5 Rc4 {1-0 (28) Maksimovic,S (2305)-Oney,A (2300) Varna 1994}) 11. e5 Ne8 12. f4 $1 f5 13. Be3 ({White should play} 13. dxc5 $1 $16 Bxc5+ 14. Kh1) 13... Na6 $14 14. Bb3 Nac7 (14... Nec7 $14 {deserves consideration.}) 15. Kh1 (15. g4 $1 $16) 15... g6 $11 16. Qd2 c4 17. Bc2 Bc8 18. Rg1 (18. a4 $14) 18... b5 19. Nd1 a5 20. Nf2 Ng7 21. h3 Be6 22. g4 Qd7 23. Rg2 b4 24. Rag1 a4 25. Qd1 Kh8 26. Bb1 Nb5 {[%emt 0:00:28] Black is more active.} 27. Ng3 $2 {[%emt 0:00:19] [#]} (27. Qd2 $17 {is a better defense.}) 27... b3 $2 (27... a3 $1 $19 {[%cal Ra3b2] has better winning chances.} 28. bxa3 Nc3) 28. axb3 $17 axb3 29. Nh5 $2 gxh5 $19 30. gxh5 Rg8 31. h6 Ne8 32. Rxg8+ Bxg8 33. Qh5 Be6 34. Bxf5 (34. Qe2 $142) 34... Bxf5 35. Qf7 Bg6 36. Rxg6 hxg6 37. Ng4 Qf5 38. Qxe7 c3 $2 (38... Nbc7 $19 39. Kg2 Ne6) 39. Bc1 $2 (39. Kg2 $11 Qxg4+ 40. hxg4 cxb2 41. Qf8+ Kh7 42. Qf7+ Kh8 43. Qxg6) 39... cxb2 40. Bxb2 Qb1+ 41. Kg2 Qxb2+ 42. Kg3 Qc3+ (42... Qa3 $142 43. Qg5 b2+ 44. Kg2 b1=Q 45. Nf2 Qe3 46. Qg3 {[#]} Qg1+ $3 47. Kxg1 Qxg3+ 48. Kf1 Ra1+ 49. Ke2 Ra2+ 50. Kf1 Qxf2#) 43. Kh4 Qc7 44. Qf8+ Kh7 45. e6 Nxd4 46. e7 Nf5+ {[%emt 0:00:11] Weighted Error Value: White=0.79/Black=0.51} 0-1

[Event "IX Famalicao Open 2022"]
[Site "Vila Nova de Famalicao"]
[Date "2022.07.27"]
[Round "5.6"]
[White "Nigmatov, Ortik"]
[Black "Anishka Vikram"]
[Result "1-0"]
[ECO "A06"]
[WhiteElo "2437"]
[BlackElo "1871"]
[Annotator "TA"]
[PlyCount "72"]
[EventDate "2022.07.25"]
[EventType "tourn"]
[EventCountry "POR"]
[SourceTitle "playchess.com"]
[Source "ChessBase"]
[SourceQuality "1"]
[TimeControl "5400+30"]

1. Nf3 d5 2. e3 Nf6 3. c4 e6 4. b3 Be7 5. Bb2 c5 6. cxd5 exd5 7. d4 Nc6 8. Be2 O-O 9. O-O Ne4 10. dxc5 Bxc5 11. Nc3 Be6 12. Rc1 {D32: Tarrasch Defence: Sidelines and lines without g3.} Nxc3 13. Rxc3 Qe7 {[#]} 14. Bb5 $146 {White is slightly better.} ({Predecessor:} 14. Qd3 h6 15. Rcc1 Ba3 16. Qc3 Bxb2 17. Qxb2 a6 18. Rfd1 Rac8 19. h3 f5 20. Nd4 Nxd4 21. Qxd4 Rxc1 22. Rxc1 {½-½ (27) Hanisch,B (2101)-Schramm,A (1844) GER corr 1997}) 14... Bb4 15. Rc1 Rac8 16. Nd4 Qd6 17. Nxe6 fxe6 18. Qg4 $40 {[%csl Gb2][%cal Rg4g7][%mdl 128] White goes for the king.} Qe7 19. Bxc6 bxc6 {[#]} (19... h5 $16 20. Qxg7+ (20. Qxh5 Rxc6 21. Rxc6 bxc6 $16) 20... Qxg7 21. Bxg7 Kxg7) 20. Bxg7 $1 $18 Qxg7 21. Qxb4 Qb2 22. Qc3 Qa3 23. f4 ({Don't take} 23. Qe5 Qe7 24. e4 Qf6 25. Qxf6 Rxf6) 23... c5 24. Rf3 {[#] Threatens to win with Rd1.} ({But not} 24. Qe5 Rce8 25. Rc2 Qb4 $18) 24... d4 (24... Rf6 $142 25. Rc2 (25. Qxf6 Qxc1+ 26. Kf2 Qc2+ 27. Kg3 Qg6+ 28. Qxg6+ hxg6 $16) 25... Rg6) 25. Qc4 Kh8 26. exd4 Rf5 27. Qc3 {Black must now prevent dxc5+.} Kg8 28. d5 {Rg3+ would kill now.} Rxd5 29. Rg3+ Kf7 30. Qg7+ Ke8 31. Re1 Kd8 32. Qxh7 (32. Qb7 $142 Qa4 33. bxa4 Rc7 34. Rg8+ Kd7 35. Rg7+ Ke8 36. Qxc7 Rd7 37. Qxd7+ Kf8 38. Qf7#) 32... Rd7 33. Rg7 Rxg7 34. Qxg7 {White wants to mate with Rd1+.} Qa6 35. Rd1+ Ke8 36. Rd7 Ra8 {White took control after the opening.  Weighted Error Value: White=0.26 (precise) /Black=0.87} 1-0

[Event "IX Famalicao Open 2022"]
[Site "Vila Nova de Famalicao"]
[Date "2022.07.27"]
[Round "5.8"]
[White "Andrade, Ricardo Sarmento"]
[Black "Dias, Paulo"]
[Result "0-1"]
[ECO "C15"]
[WhiteElo "1862"]
[BlackElo "2348"]
[Annotator "TA"]
[PlyCount "50"]
[EventDate "2022.07.25"]
[EventType "tourn"]
[EventCountry "POR"]
[SourceTitle "playchess.com"]
[Source "ChessBase"]
[SourceQuality "1"]
[TimeControl "5400+30"]

1. e4 e6 2. d4 d5 3. Nc3 Bb4 4. exd5 exd5 5. a3 Bxc3+ 6. bxc3 Bf5 {C01: French: Exchange Variation.} 7. Bd3 Ne7 8. Nf3 Nbc6 {The position is equal.} 9. Rb1 b6 10. O-O O-O 11. a4 Re8 12. Re1 Qd7 {[#]} 13. Bf4 $146 ({Predecessor:} 13. Ba3 Ng6 14. Qd2 Na5 15. Bb5 c6 16. Bd3 Be4 17. Ne5 Nxe5 18. dxe5 Bg6 19. f4 {1-0 (76) Hakemi,A (2336)-Caruana,F (2792) Chess.com INT 2022}) 13... f6 14. c4 Bxd3 15. Qxd3 Na5 16. Nd2 (16. c5 $11) 16... Qxa4 $17 17. Bxc7 {This move loses the game for White.} (17. c5 $1 $15) 17... Nxc4 18. Nxc4 (18. Bf4 $17) 18... Qxc4 19. Qxc4 (19. Bf4 $142) 19... dxc4 $19 20. Ra1 (20. Kf1 $142) 20... Nd5 21. Rxe8+ Rxe8 22. Bd6 a5 23. Kf1 Re4 24. c3 (24. Ba3 $142) 24... Nxc3 25. Bc7 Nd5 {Weighted Error Value: White=0.49/Black=0.11 (very precise)} 0-1

[Event "IX Famalicao Open 2022"]
[Site "Vila Nova de Famalicao"]
[Date "2022.07.27"]
[Round "5.9"]
[White "Borges, Guilherme Deola"]
[Black "Ribeiro, Rodrigo"]
[Result "1-0"]
[ECO "D33"]
[WhiteElo "2185"]
[BlackElo "1903"]
[Annotator "TA"]
[PlyCount "42"]
[EventDate "2022.07.25"]
[EventType "tourn"]
[EventCountry "POR"]
[SourceTitle "playchess.com"]
[Source "ChessBase"]
[SourceQuality "1"]
[TimeControl "5400+30"]

1. d4 e6 2. c4 d5 3. Nf3 c5 4. cxd5 exd5 5. Nc3 Nf6 6. g3 Nc6 7. Bg2 Be6 {[%emt 0:04:34] 7...cxd4 is becoming the main line.} 8. O-O h6 9. b3 cxd4 {[%emt 0:09:44] D33: Tarrasch Defence: 6 g3 sidelines.} 10. Nxd4 Bc5 {[%emt 0:01:17] [#]} 11. Be3 $146 ({Predecessor:} 11. Nxc6 bxc6 12. Bb2 O-O 13. Qc2 Rc8 14. Na4 Bb6 15. Nc5 Qe7 16. Bd4 Nd7 17. Rac1 {1-0 (69) Foster,T (1893)-Chatterjee,S (1336) London 2017}) 11... Qe7 {[%emt 0:03:04] White is slightly better.} 12. Nxe6 fxe6 13. Bxc5 $1 Qxc5 14. Rc1 {[%emt 0:00:25][%cal Oc3d5] [#] aiming for Nxd5!} Qe7 (14... O-O-O $14) 15. e4 $36 {[%emt 0:02:34][%cal Re4d5][%mdl 2048] White is really pushing.} d4 (15... O-O-O $16) 16. e5 $1 $18 {[%emt 0:05:21] White is clearly better.} dxc3 17. exf6 Qxf6 18. Qh5+ g6 19. Bxc6+ Kf7 {[%emt 0:00:30] [#]} 20. Qa5 bxc6 21. Rxc3 Rac8 $2 {[%emt 0:01:37] Black did not feel at home in the position after the opening.  Weighted Error Value: White=0.01 (flawless) /Black=0.26 (precise)} (21... Rhe8 {was called for.} 22. Rxc6 Kg8) 1-0

[Event "IX Famalicao Open 2022"]
[Site "Vila Nova de Famalicao"]
[Date "2022.07.27"]
[Round "5.10"]
[White "Goncalves, Lucas Jordao"]
[Black "Rodriguez Lopez, Rafael"]
[Result "0-1"]
[ECO "B90"]
[WhiteElo "1813"]
[BlackElo "2172"]
[Annotator "TA"]
[PlyCount "72"]
[EventDate "2022.07.25"]
[EventType "tourn"]
[EventCountry "POR"]
[SourceTitle "playchess.com"]
[Source "ChessBase"]
[SourceQuality "1"]
[TimeControl "5400+30"]

1. e4 c5 2. Nf3 d6 3. d4 cxd4 4. Nxd4 Nf6 5. Nc3 a6 6. Be3 e5 7. Nb3 Be7 8. f3 h5 9. Qd2 Be6 10. Nd5 {[%emt 0:02:19] B90: Sicilian Najdorf: Unusual White 6th moves, 6 Be3 Ng4 and 6 Be3 e5.} Bxd5 11. exd5 O-O 12. O-O-O {[%emt 0:01:37] White is slightly better.} a5 13. a4 Nbd7 (13... Na6 $11) 14. Bb5 Nb6 15. Bxb6 (15. Nxa5 Nfxd5 16. Bxb6 (16. Nxb7 Qc7 $17) 16... Nxb6 $17) 15... Qxb6 {[%emt 0:00:05] [#]} 16. Qe2 $146 ({Predecessor:} 16. Kb1 Qd8 17. h4 Nh7 18. g4 f5 19. gxh5 Bxh4 20. f4 Bg3 21. fxe5 Bxe5 {½-½ (43) Lutz,C (2608)-Tihonov,J (2472) Turin 2006}) 16... Rfc8 (16... Ne8 $11) 17. h4 Bf8 18. g4 g6 19. Rhg1 (19. g5 Ne8 $11) ({White should try} 19. Kb1 $16) 19... Bg7 (19... hxg4 $11 20. fxg4 Nxd5 $1 ) 20. Rg2 $16 Rc7 21. Kb1 Rac8 22. Qe1 (22. c3 $16) 22... e4 $1 $11 23. gxh5 exf3 24. Rxg6 f2 $2 {[%emt 0:04:22] [#]} (24... Rxc2 {[#]} 25. h6 $1 fxg6 26. Qe6+ Kh7 27. hxg7 $16) (24... Nxh5 25. Rxg7+ Nxg7 26. Nd4 $16) (24... fxg6 $19 25. Qe6+ Kh7 26. hxg6+ Kh8) 25. Rxg7+ $1 $16 Kxg7 26. Qd2 Nh7 {[%emt 0:03:48] Against Qg5+} (26... Ne4 $16 27. Qe2 (27. Qf4 Rc4 $14) 27... f5) 27. Nd4 $18 Kh8 28. Qh6 (28. Qxf2 $18 Rxc2 29. Qf5 (29. Qxf7 Qc7 $14) 29... Rc1+ 30. Rxc1 Rxc1+ 31. Kxc1 Qxd4 32. Qxf7) 28... f6 $2 (28... Rg8 $16) 29. Ne6 {[%emt 0:01:45] Black must now prevent Bd3.} Rg8 30. Bd3 {[%emt 0:03:43] Intending Bxh7 and mate.} f5 (30... Rg1 {was necessary.} 31. Bxh7 Rxd1+ 32. Ka2 Ra1+ 33. Kxa1 f1=Q+ 34. Ka2 Qe3 35. Qxe3 Rxh7) 31. Bxf5 $4 (31. Nxc7 $18 {is the narrow road to win.} Qxc7 32. Qf4 (32. Bxf5 Rg1 $11)) 31... Rg1 $19 32. Bxh7 (32. Qc1 $19 Qe3 33. Qxe3 Rxd1+ 34. Ka2) 32... Rxd1+ {[%emt 0:00:08] Black mates.} 33. Ka2 {[%emt 0:00:10] [#]} Ra1+ $3 34. Kxa1 f1=Q+ 35. Ka2 Rxh7 36. Qg6 Qf7 {[%emt 0:00:32] Weighted Error Value: White=0.80/Black=0.63} (36... Qbg1 $142 37. Qe8+ Qg8 38. Qb5 Qxb5 39. axb5 Rxh5 40. Kb3 Rxd5 41. Ka4 Qxe6 42. Kxa5 Qe2 43. c4 Qxc4 44. Kb6 Rxb5+ 45. Ka7 Qc7 46. b4 Rxb4 47. h5 Ra4#) 0-1